Map: [ESL] Solaris

Players

Bunny

  • Race: Terran Terran
  • Spawn Location: 1:00

SHIN - Winner!

  • Race: Zerg Zerg
  • Spawn Location: 7:00

Event: IEM Katowice 2024

VOD

Have the link to the VOD?

Description

Time

  • Played on: Dec. 6, 2023, 7:11 a.m.
  • Length: 12:49

All games in this series

Show
View Real Time Build Order
Export as new Build Order

Bunny Terran 

Build Orders: Reaper Expand, Hellion Banshee 

Get SALT Encoding   

  12  0:00  SCV  
  13  0:12  SCV  
  14  0:17  Supply Depot  
  14  0:24  SCV  
  15  0:38  SCV  
  15  0:40  Barracks  
  15  0:42  Refinery  
  16  0:50  SCV  
  17  1:02  SCV  
  18  1:15  SCV  
  19  1:26  Reaper  
  19  1:27  Orbital Command  
  20  1:37  Command Center  
  20  1:46  Supply Depot  
  20  1:52  SCV  
  21  1:58  Marine  
  22  2:04  SCV  
  22  2:07  Factory  
  23  2:14  Refinery  
  23  2:16  SCV  
  23  2:20  Barracks Reactor  
  24  2:28  SCV  
  25  2:40  SCV  
  26  2:49  Orbital Command  
  26  2:52  SCV, Starport  
  27  3:00  Hellion  
  27  3:01  Hellion  
  27  3:03  Barracks Tech Lab  
  27  3:04  SCV  
  32  3:14  SCV  
  32  3:17  SCV  
  34  3:22  Hellion x2  
  34  3:27  SCV  
  38  3:29  Supply Depot, SCV  
  38  3:31  Barracks Tech Lab  
  39  3:34  Banshee  
  39  3:40  SCV  
  43  3:41  SCV  
  43  3:43  Hellion  
  46  3:51  Hellion, Marine, Supply Depot  
  46  3:52  Stimpack  
  46  3:54  SCV  
  46  3:55  SCV  
  51  4:06  SCV  
  51  4:07  SCV  
  53  4:18  SCV  
  53  4:19  SCV  
  53  4:23  Barracks  
  51  4:27  Marine, Refinery  
  51  4:28  Engineering Bay  
  51  4:29  Factory Reactor  
  52  4:31  Barracks, Supply Depot  
  52  4:33  SCV x2  
  54  4:39  Barracks  
  54  4:40  Barracks  
  54  4:43  Starport Reactor  
  54  4:45  SCV  
  54  4:46  Marine, SCV  
  57  4:53  Supply Depot  
  57  4:57  SCV  
  57  4:58  SCV  
  59  5:01  Terran Infantry Weapons Level 1  
  59  5:03  Marine  
  60  5:10  SCV x2  
  60  5:13  Marine x2, Refinery  
  67  5:14  Siege Tank  
  67  5:18  Supply Depot  
  68  5:21  Marine  
  68  5:24  Medivac x2  
  68  5:26  Supply Depot  
  72  5:30  Marine x2  
  72  5:31  Marine x4  
  72  5:32  Combat Shield  
  78  5:39  Supply Depot, Marine  
  78  5:41  Supply Depot  
  79  5:47  Marine  
  79  5:48  Marine  
  79  5:49  Siege Tank, Marine x2  
  86  5:51  Marine x2  
  86  5:57  Marine  
  86  5:58  Medivac  
  86  6:02  Medivac  
  91  6:05  Marine  
  91  6:06  Marine x3  
  91  6:09  Marine x2  
  97  6:12  Supply Depot  
  97  6:19  Marine  
  97  6:21  Siege Tank  
  97  6:23  Marine x2  
  97  6:24  Marine x2  
  105  6:26  Marine  
  105  6:27  Marine  
  105  6:28  Medivac  
  107  6:35  Medivac  
  107  6:37  Marine  
  110  6:41  Marine x2  
  110  6:42  Marine x2  
  110  6:44  Marine x2  
  110  6:45  Supply Depot  
  110  6:47  Supply Depot  
  116  6:55  Marine  
  116  6:59  Siege Tank, Marine  
  118  7:01  Marine x3  
  118  7:02  Medivac  
  118  7:03  Marine  
  118  7:07  Marine  
  115  7:13  Medivac, Marine  
  117  7:17  Marine  
  117  7:19  Marine  
  117  7:20  Marine x3  
  121  7:24  Marine  
  122  7:31  Marine  
  122  7:32  Supply Depot, Medivac  
  122  7:33  Siege Tank  
  122  7:35  Marine  
  128  7:38  Marine  
  128  7:39  Marine x3  
  128  7:42  Marine  
  133  7:47  Supply Depot  
  133  7:49  Marine  
  134  7:54  Marine  
  134  7:56  Marine  
  113  8:07  Siege Tank, Marine  
  113  8:08  Marine x4  
  113  8:11  Marine  
  104  8:14  Marine  
  104  8:17  Liberator  
  108  8:25  Marine  
  108  8:26  Marine x2  
  111  8:27  Marine x2  
  111  8:29  Marine  
  111  8:30  Liberator  
  111  8:32  Marine  
  116  8:39  Siege Tank  
  119  8:43  Marine x3  
  120  8:57  Marine  
  120  8:58  Marine x3  
  120  9:00  Medivac  
  120  9:01  Marine x3  
  114  9:13  Medivac  
  114  9:15  Marine x4  
  110  9:18  Siege Tank  
  110  9:19  Marine x2  
  113  9:28  Marine  
  94  9:33  Marine  
  94  9:34  Marine  
  90  9:50  Marine x4  
  88  10:04  Siege Tank  
  88  10:06  Marine x3  
  86  10:08  Marine  
  86  10:13  Marine x3  
  90  10:19  Liberator  
  93  10:24  Marine x2  
  80  10:44  Marine x6  
  80  10:46  Siege Tank  
  80  10:47  Marine  
  90  11:02  Liberator, Marine x3  
  96  11:06  Liberator  
  88  11:28  Siege Tank  
  85  11:35  Marine x7  
  85  11:45  Liberator  
  88  11:53  Marine x7  
  95  12:00  Siege Tank  
  69  12:11  Marine x6  
  69  12:12  Marine  
  64  12:28  Marine  
Show
View Real Time Build Order
Export as new Build Order

SHIN Zerg - Winner!

Build Orders: Hatch First 

Get SALT Encoding   

  12  0:00  Drone  
  13  0:07  Drone  
  13  0:14  Extractor  
  13  0:15  Drone  
  15  0:36  Hatchery  
  15  0:41  Extractor  
  15  0:42  Drone  
  15  0:49  Overlord  
  15  1:03  Spawning Pool  
  14  1:07  Drone  
  14  1:10  Drone  
  16  1:13  Drone  
  17  1:19  Drone  
  18  1:31  Drone  
  19  1:39  Extractor  
  18  1:41  Drone  
  19  1:49  Queen x2  
  19  1:50  Drone  
  19  1:51  Drone  
  25  2:00  Drone  
  25  2:01  Overlord  
  26  2:11  Drone  
  26  2:12  Drone  
  28  2:25  Queen  
  28  2:26  Drone, Spore Crawler  
  28  2:27  Drone  
  31  2:32  Overlord  
  31  2:33  Drone  
  33  2:42  Metabolic Boost  
  33  2:43  Drone  
  34  2:45  Drone  
  35  2:53  Drone  
  35  2:55  Drone  
  35  2:57  Hatchery  
  36  3:00  Drone  
  36  3:01  Drone  
  38  3:07  Drone x3  
  38  3:11  Overlord  
  41  3:13  Drone  
  41  3:14  Drone  
  41  3:18  Drone  
  44  3:27  Overlord  
  44  3:29  Queen  
  47  3:34  Zergling x8  
  47  3:36  Queen  
  52  3:41  Overlord  
  52  3:47  Drone x2  
  54  3:50  Drone  
  55  3:56  Drone  
  55  4:02  Zergling x2  
  57  4:03  Drone  
  57  4:04  Drone  
  57  4:05  Drone x4  
  57  4:09  Queen  
  65  4:10  Drone x2, Queen  
  65  4:14  Drone  
  69  4:18  Drone  
  69  4:21  Drone  
  70  4:24  Drone  
  70  4:27  Queen  
  70  4:29  Drone  
  70  4:31  Spore Crawler  
  73  4:32  Drone  
  74  4:41  Evolution Chamber x2  
  74  4:43  Drone x2, Spore Crawler  
  74  4:44  Drone, Overlord  
  74  4:51  Lair  
  74  4:58  Overlord  
  73  5:01  Overlord  
  73  5:02  Spore Crawler, Queen  
  73  5:03  Drone x3, Overlord  
  73  5:04  Drone  
  73  5:05  Drone x3  
  81  5:08  Zerg Melee Weapons Level 1  
  81  5:09  Extractor x2  
  81  5:11  Drone  
  80  5:14  Extractor  
  80  5:15  Drone x2  
  80  5:19  Zerg Ground Armor Level 1  
  80  5:21  Zergling x8, Extractor  
  85  5:26  Zergling x4  
  86  5:30  Drone x3  
  86  5:33  Zergling x2  
  90  5:37  Drone x2, Baneling Nest, Overlord  
  90  5:38  Zergling x2  
  90  5:41  Hatchery  
  91  5:43  Zergling x4  
  94  5:50  Zergling x2  
  94  5:52  Zergling x2  
  94  5:53  Overseer  
  94  5:55  Zergling x6  
  97  5:59  Zergling x2  
  97  6:01  Queen x3  
  97  6:03  Zergling x2  
  105  6:09  Overlord  
  105  6:10  Zergling x8  
  109  6:13  Overlord x2  
  109  6:14  Zergling x2  
  110  6:19  Overlord x2  
  110  6:20  Centrifugal Hooks  
  110  6:22  Overlord x2  
  110  6:24  Baneling x7  
  110  6:25  Baneling  
  110  6:30  Zergling x8  
  110  6:37  Queen  
  110  6:38  Zergling x4  
  114  6:42  Queen  
  114  6:44  Zergling x12  
  122  6:48  Zergling x2  
  122  6:52  Zergling x6, Queen  
  128  6:55  Baneling x5  
  128  6:58  Zergling x4  
  125  7:02  Zergling x2  
  125  7:07  Zergling x8  
  127  7:12  Zergling x4, Queen  
  127  7:13  Queen  
  127  7:14  Overlord  
  132  7:17  Zergling x6  
  132  7:20  Zergling x6  
  132  7:22  Zergling x4  
  137  7:27  Zergling x6  
  137  7:28  Zergling x2  
  140  7:31  Zergling x4  
  140  7:33  Baneling x7  
  142  7:37  Zergling x2  
  142  7:41  Zergling x6  
  140  7:47  Zergling x2  
  140  7:48  Zergling x2  
  140  7:49  Zergling x4  
  140  7:50  Zergling x2  
  140  7:51  Zergling x4  
  146  7:53  Zergling x2  
  146  7:54  Zergling x4  
  146  7:58  Zergling x2  
  148  8:02  Zergling x2  
  148  8:03  Zerg Melee Weapons Level 2, Zerg Ground Armor Level 2  
  115  8:06  Zergling x4  
  115  8:09  Zergling x2, Queen x2  
  115  8:11  Zergling x2, Baneling x3  
  115  8:14  Baneling x4  
  115  8:17  Zergling x4  
  114  8:21  Zergling x8  
  114  8:22  Zergling x2  
  114  8:23  Zergling x2  
  114  8:24  Baneling x2  
  115  8:28  Zergling x6  
  115  8:31  Zergling x2  
  115  8:32  Zergling x2  
  118  8:37  Zergling x4  
  118  8:41  Baneling x5  
  118  8:43  Zergling x4  
  119  8:49  Zergling x8  
  119  8:52  Overlord  
  119  8:53  Zergling x2  
  119  8:57  Zergling x2  
  119  8:58  Zergling x8  
  119  9:02  Overlord  
  123  9:05  Baneling x10  
  123  9:09  Overlord x2  
  118  9:16  Zergling x2  
  110  9:17  Zergling x4  
  110  9:19  Zergling x4  
  110  9:22  Zergling x2  
  110  9:24  Zergling x6  
  111  9:28  Zergling x4  
  111  9:30  Zergling x2  
  98  9:33  Queen x2  
  98  9:34  Zergling x2  
  98  9:39  Baneling x10  
  98  9:40  Zergling x4  
  98  9:41  Zergling x2  
  98  9:42  Baneling x7  
  98  9:45  Overlord  
  90  9:54  Zergling x6  
  90  9:57  Zergling x2  
  87  10:01  Baneling x6  
  87  10:02  Zergling x2  
  87  10:03  Zergling x4  
  87  10:06  Zergling x2  
  87  10:07  Zergling x12  
  88  10:09  Zergling x6  
  88  10:11  Queen  
  88  10:13  Zergling x2  
  96  10:17  Zergling x6  
  96  10:18  Queen  
  101  10:23  Zergling x4  
  103  10:29  Zergling x4, Queen x2  
  103  10:35  Zergling x4  
  101  10:37  Zergling x2  
  101  10:40  Zergling x2  
  101  10:42  Baneling x2  
  93  10:43  Baneling x6  
  93  10:44  Zergling x6  
  93  10:45  Zergling x2  
  93  10:49  Zergling x10  
  101  10:52  Zergling x2  
  101  10:53  Queen  
  101  10:57  Zergling x4  
  106  11:01  Zergling x2  
  106  11:02  Zergling x2  
  106  11:03  Queen  
  108  11:05  Queen  
  108  11:08  Zergling x2  
  108  11:10  Zergling x4  
  111  11:17  Zergling x4  
  107  11:21  Zergling x2, Queen  
  107  11:22  Zergling x2  
  103  11:25  Zergling x6  
  103  11:26  Zergling x2  
  103  11:29  Queen  
  103  11:31  Zergling x4  
  106  11:35  Zergling x6  
  106  11:36  Zergling x2  
  106  11:39  Queen  
  111  11:41  Zergling x10  
  111  11:43  Zergling x2  
  114  11:47  Zergling x2  
  114  11:49  Baneling x6  
  114  11:51  Zergling x4  
  114  11:53  Zergling x2  
  118  11:59  Zergling x4  
  118  12:03  Zergling x2  
  118  12:04  Zergling x2  
  118  12:07  Queen x2  
  118  12:08  Zergling x2  
  119  12:09  Zergling x2  
  119  12:10  Queen  
  119  12:11  Zergling x4  
  119  12:12  Zergling x2  
  119  12:13  Zergling x4  
  125  12:20  Zergling x2  
  125  12:21  Baneling x11  
  125  12:22  Zergling x2  
  121  12:24  Zergling x2  
  121  12:26  Zergling x4  
  121  12:29  Zergling x4  
  120  12:30  Zergling x2  
  120  12:31  Zergling x2  

Tags
 
Add a new tag
Caveats
  • Supply blocks, unpowered buildings, or Contaminate may cause inaccurate times.
  • Supply counts are checked every 10 seconds.